 Dungeon Crawl Stone Soup version 0.29.1-2-gbd0b4ee654 (webtiles) character file.

Game seed: 16742901689284256097

3 xian the Caller (level 1, 0/11 HPs)
             Began as an Octopode Summoner on Oct 24, 2022.
             Slain by a jackal (2 damage)
             ... on level 1 of the Dungeon.
             The game lasted 00:00:39 (94 turns).

xian the Caller (Octopode Summoner)                   Turns: 94, Time: 00:00:40

Health: 0/11       AC:  1    Str:  7    XL:     1   Next: 50%
Magic:  2/3        EV: 13    Int: 17    God:
Gold:   6          SH:  0    Dex: 12    Spells: 3/4 levels left

rFire   . . .      SeeInvis .   (no weapon)
rCold   . . .      Faith    .   (no shield)
rNeg    . . .      Spirit   .   (helmet restricted)
rPois   .          Reflect  .   (no amulet)
rElec   .          Harm     .   (no ring)
rCorr   .          Rampage  .   (no ring)
Will    .....                   (no ring)
Stlth   +++.......              (no ring)
HPRegen 0.03/turn               (no ring)
MPRegen 0.08/turn               (no ring)
                                (no ring)
                                (no ring)

@: no status effects
A: almost no armour, amphibious, 8 rings, camouflage 1, gelatinous body 1,
(nimble swimmer 1), tentacles
a: no special abilities


You were on level 1 of the Dungeon.
You visited 1 branch of the dungeon, and saw 1 of its levels.

You collected 6 gold pieces.

Inventory:

Hand Weapons
 c - a +0 club
Scrolls
 b - a scroll of fear {unknown}
 d - a scroll of identify {unknown}
Potions
 a - a potion of magic


   Skills:
 + Level 2.0 Dodging
 + Level 2.7 Stealth
 + Level 2.0 Spellcasting
 + Level 4.1 Summonings


You had 3 spell levels left.
You knew the following spells:

 Your Spells              Type           Power      Damage    Failure   Level
a - Summon Small Mammal   Summ           60%        N/A       3%          1

Your spell library contained the following spells:

 Spells                   Type           Power      Damage    Failure   Level
 Call Imp                 Summ           15%        N/A       5%          2
 Call Canine Familiar     Summ           15%        N/A       11%         3
 Summon Guardian Golem    Hex/Summ       8%         N/A       24%         3
 Summon Lightning Spire   Summ/Air       8%         N/A       63%         4


Dungeon Overview and Level Annotations

Branches:
Dungeon (1/15)

Altars:


Innate Abilities, Weirdness & Mutations

You cannot wear most types of armour.
You are amphibious.
You can wear up to eight rings at the same time.
Your skin changes colour to match your surroundings (Stealth+).
Your rubbery body absorbs attacks. (AC +1, EV +1)
((You are camouflaged when in or above water. (Stealth+)))
You have tentacles for arms and can constrict up to eight enemies at once.


Message History

Your squeeze misses the hobgoblin.
Your quokka bites the hobgoblin.
The hobgoblin dies!
Found a red potion.
You swap places.
You swap places.
Things that are here:
a +0 club; a goblin corpse
c - a +0 club
Found a whip.
A ball python comes into view.
Found 6 stones.
A goblin comes into view. It is wielding a +0 dagger.
Found a scroll labelled XOBEDI ZEKEEK.
Okay, then. 2 jackals come into view.
Found a hand axe. 2 ball pythons come into view.
You see here a scroll labelled XOBEDI ZEKEEK.
The ball python hisses angrily. x3; You hear a shout!
Your quokka bites the ball python.
The ball python dies!
The goblin shouts!
You hear a bark!
The jackal barks!
You hear a bark!
A jackal comes into view.
The goblin misses your rat.
Your rat misses the goblin.
You see here a scroll labelled XOBEDI ZEKEEK.
d - a scroll labelled XOBEDI ZEKEEK Your quokka disappears in a puff of smoke!
A jackal comes into view.
Your rat completely misses the goblin.
Your rat disappears in a puff of smoke!
The jackal closely misses you. The jackal closely misses you.
The jackal completely misses you.
A kobold comes into view. It is wielding a +0 whip.
The jackal attacks as you move away! The jackal bites you.
The jackal barely misses you. The jackal closely misses you. x3
The jackal bites you.
* * * LOW HITPOINT WARNING * * *
The jackal attacks as you move away! The jackal bites you.
You die...

##+#....##...####
#....†..####....#
####..### ####.# .
#..# #.# .. #..### #.#
... #....# #.## # ....
#.##...).###..###.
....) #.#
####.#.§§.§§..
......#@######
#.§§≈≈≈§≈
#...hhh...##.#[≈§..§.≈
#...SgS...#....§§§§.§≈
##.h..(......≈§§≈≈§..§
#........##.§§.§§...≈
#........##.≈.§..§.§≈
###...##....≈.≈≈§§§§≈
#.K.# ###§≈..§§§§.≈
#...# #.§...≈>..§


You could see 4 jackals, a goblin, 2 ball pythons and a kobold.

Vanquished Creatures (collateral kills)
  A hobgoblin (D:1)
  A ball python (D:1)
  A goblin (D:1)
  A rat (D:1)
4 creatures vanquished.

Notes
Turn   | Place    | Note
-------+----------+-------------------------------------------
     0 | D:1      | xian the Octopode Summoner began the quest for the Orb.
     0 | D:1      | Reached XP level 1. HP: 11/11 MP: 3/3
    94 | D:1      | Slain by a jackal

Illustrated notes

Levels and vault maps discovered:
D:1:      ebering_trefoil_twist, layout_rooms,
          hellmonk_ecumenical_altar_pennies_from_heaven,
          minmay_misc_feat_encased

Action                   || total
-------------------------++-------
Melee: Unarmed           ||     1
 Cast: Summon Small Mamm ||     5
Dodge: Dodged            ||     7
